Unix NetHack Version 5.0.0-0 post-release - last build May  4 2026 22:22:43 (774f63e81ad911689b3a0859ea89b322d5daca8d,branch:main).

Game began 2026-05-09 05:59:01, ended 2026-05-09 06:52:09.

08245982402, neutral male human Barbarian

              ------------                                           ---------
 --------     |..........|                                           |.......|
 |>.....|     |..........|                                           |.......|
 |......-#    |<.........|                   -------------           |.......|
 |......|#    |..........-#                  |...........|           |.......|
 |......|#    |..........|#                  |...........-##         |e......|
 |......|#    -------.----#                  |...........| #         |d@.....|
 --------#         ###    #                 #............| #         -.---+---
        ##       ###      #                 #|...........| ##         #
        #       ##        #      ############-------------  #        #
        #      ##        ########        #                  #  ------.--|-
        #      #        #####   ##                          #  |.........|
        #    ###        # -------.---                       #  |.........|
       ##    #          #...........|                       ###.....>....|
       #-----|-------   # ..........|                          -----------
       #|............####  .........|
       #............|      .....){.{|
        -------------      ----------

08245982402 the Pillager   St:18/01 Dx:14 Co:18 In:8 Wi:8 Ch:6  Neutral
Dlvl:3  $:23 HP:0(50) Pw:12(12) AC:7  Xp:4 T:3848 

Latest messages:
 You see here a food ration.
 There is a food ration here; eat it? [ynq] (n) y
 This food really hits the spot!
 You finish eating the food ration.
 This door is locked.
 This door is locked.
 This door is locked.
 In what direction? 8
 Thwack!!
 This door is locked.
 In what direction? 8
 As you kick the door, it shatters to pieces!
 The coyote bites!
 You kill the lichen!
 The coyote bites!
 You see here a lichen corpse.
 The coyote bites!
 There is a lichen corpse here; eat it? [ynq] (n) y
 This lichen corpse tastes okay.
 The coyote bites!
 You stop eating the lichen corpse.
 You miss the floating eye.
 You are frozen by the floating eye's gaze!
 The coyote bites!
 The coyote bites!
 The coyote bites!
 The coyote bites!
 The coyote bites!
 The coyote bites!
 The coyote bites!
 The coyote bites!
 The coyote bites!
 The coyote bites!
 The coyote bites!
 The coyote bites!
 The coyote bites!
 The coyote bites!
 The coyote bites!
 The coyote bites!
 The coyote bites!
 The coyote bites!
 The coyote bites!
 The coyote bites!
 The coyote bites!
 You die...
 Do you want your possessions identified? [ynq] (y) y
 Do you want to see your attributes? [ynq] (y) y
 Do you want an account of creatures vanquished? [ynaq] (y) y
 Do you want to see your conduct and achievements? [ynq] (y) y
 Do you want to see the dungeon overview? [ynq] (y) y

Inventory:
 Coins    ('$')
  $ - 23 gold pieces
 Weapons  (')')
  b - a +0 axe (alternate weapon; not wielded)
  a - a +0 two-handed sword (weapon in hands)
 Armor    ('[')
  c - an uncursed +0 ring mail (being worn)
 Potions  ('!')
  d - an uncursed potion of healing
  i - an uncursed potion of see invisible
 Tools    ('(')
  e - an uncursed oil lamp

08245982402 the Barbarian's attributes:

Background:
 You were a Pillager, a level 4 male human Barbarian.
 You were neutral, nominally on a mission for Crom
 who was opposed by Mitra (lawful) and Set (chaotic).
 You were right-handed.
 You were in the Dungeons of Doom, on level 3.
 You entered the dungeon 3848 turns ago.
 You had 97 experience points, 63 more were needed to attain level 5.

Basics:
 You had 0 out of 50 hit points.
 You had all 12 energy points (spell power).
 Your armor class was 7.
 Your wallet contained 23 zorkmids.
 Autopickup was off.

Final Characteristics:
 Your strength was 18/01 (limit:18/100).
 Your dexterity was 14 (peak:17, limit:18).
 Your constitution was 18 (limit:18).
 Your intelligence was 8 (limit:18).
 Your wisdom was 8 (limit:18).
 Your charisma was 6 (limit:18).

Final Status:
 You weren't hungry.
 You were unencumbered.
 You were wielding a two-handed sword.
 You had basic skill with two-handed sword.

Final Attributes:
 You were piously aligned.
 You were poison resistant.
 You were warded.
 You are dead.

Miscellaneous:
 You didn't encounter any bones levels.
 Total elapsed playing time was 45 minutes and 37 seconds.

Major events:
 Turn
    1: 08245982402 the neutral male human Barbarian entered the dungeon
 1642: attained the rank of Pillager (level 3)
 3848: killed by a coyote, while frozen by a floating eye's gaze

You didn't know any spells.

Skills:
 Fighting Skills
   bare handed combat [Basic]
   two weapon combat  [Unskilled]
   riding             [Unskilled]
 Weapon Skills
   dagger             [Unskilled]
   axe                [Basic]
   pick-axe           [Unskilled]
   short sword        [Unskilled]
   broadsword         [Unskilled]
   long sword         [Unskilled]
   two-handed sword   [Basic]
   saber              [Unskilled]
   club               [Unskilled]
   mace               [Unskilled]
   morning star       [Unskilled]
   flail              [Unskilled]
   hammer             [Unskilled]
   quarterstaff       [Unskilled]
   spear              [Unskilled]
   trident            [Unskilled]
   bow                [Unskilled]
 Spellcasting Skills
   attack spells      [Unskilled]
   escape spells      [Unskilled]

Voluntary challenges:
 Character rerolling was not enabled.
 You were an atheist.
 You were illiterate.
 You never genocided any monsters.
 You never polymorphed an object.
 You never changed form.
 You used no wishes.
Achievements:
 You attained the rank of Pillager.
 You entered a shop.

 The Dungeons of Doom: levels 1 to 3
    Level 1:
       A fountain.
    Level 2:
       A general store, an altar to Crom, a fountain, a sink.
    Level 3: <- You were here.
       A fountain, a sink.
       Final resting place for
          you, killed by a coyote, while frozen by a floating eye's gaze.


Vanquished creatures:
 an acid blob
  2 coyotes
  a hobbit
  2 giant rats
  a brown mold
  2 red molds
  a gnome zombie
  3 geckos
  6 jackals
  a fox
  4 kobolds
  4 goblins
  4 sewer rats
  5 grid bugs
  6 lichens
  2 kobold zombies
  9 newts
54 creatures vanquished.

No species were genocided or became extinct.

Game over:
                       ----------
                      /          \
                     /    REST    \
                    /      IN      \
                   /     PEACE      \
                  /                  \
                  |   08245982402    |
                  |      23 Au       |
                  |   killed by a    |
                  |      coyote      |
                  |                  |
                  |                  |
                  |       2026       |
                 *|     *  *  *      | *
        _________)/\\_//(\/(/\)/\//\/|_)_______

Goodbye 08245982402 the Barbarian...

You died in The Dungeons of Doom on dungeon level 3 with 509 points,
and 23 pieces of gold, after 3848 moves.
You were level 4 with a maximum of 50 hit points when you died.

